 Dungeon Crawl Stone Soup version 0.29-a0-561-ga02bf68b3c (webtiles) character file.

Game seed: 16854100730924888280

544 27snakeeyes612 the Sneak (level 7, -1/66 HPs)
             Began as a Naga Fighter on June 11, 2022.
             Was a Follower of Okawaru.
             Slain by a killer bee (7 damage)
             ... on level 5 of the Dungeon.
             The game lasted 00:04:09 (4299 turns).

27snakeeyes612 the Sneak (Naga Fighter)             Turns: 4299, Time: 00:04:09

Health: -1/66      AC:  7    Str: 20    XL:     7   Next: 27%
Magic:  6/7        EV:  7    Int:  8    God:    Okawaru [*.....]
Gold:   204        SH:  4    Dex: 11    Spells: 6/6 levels left

rFire   . . .      SeeInvis +   n - +1 morningstar (vamp)
rCold   . . .      Faith    .   c - +0 buckler
rNeg    . . .      Spirit   .   b - +0 scale mail
rPois   +          Reflect  .   (no helmet)
rElec   .          Harm     .   p - +0 cloak
rCorr   .          Rampage  .   (no gloves)
Will    +....                   (no barding)
Stlth   +.........              (no amulet)
HPRegen 0.21/turn               m - ring "Hehithuegi" {Will+ Slay+2 SInv}
MPRegen 0.10/turn               (no ring)

@: mighty, invisible, very slow
A: AC +2, large, see invisible, deformed body, poison resistance, slowness 2,
spit poison 1, naga tail 1
a: Spit Poison, Renounce Religion, Heroism


You were on level 5 of the Dungeon.
You worshipped Okawaru.
Okawaru was aware of your devotion.
You visited 1 branch of the dungeon, and saw 5 of its levels.

You collected 204 gold pieces.

Inventory:

Hand Weapons
 a - a +0 flail
 n - a +1 vampiric morningstar (weapon)
 r - a +2 flail of protection
Armour
 b - a +0 scale mail (worn)
 c - a +0 buckler (worn)
 p - a +0 cloak (worn)
Jewellery
 e - an amulet of the acrobat
 k - an amulet of regeneration
 m - the ring "Hehithuegi" (left hand) {Will+ Slay+2 SInv}
   (You found it on level 4 of the Dungeon)

   [ring of willpower]

   Slay:      It affects your accuracy & damage with ranged weapons and melee
   (+2).
   SInv:      It lets you see invisible.
   Will:      It increases your willpower.
 o - a ring of flight
Scrolls
 g - 3 scrolls of amnesia
 j - a scroll of silence
 s - 2 scrolls of identify
 t - a scroll of summoning {unknown}
Potions
 d - a potion of might
 h - a potion of degeneration {unknown}
 l - 2 potions of attraction
 q - a potion of haste
 u - a potion of flight {unknown}


   Skills:
 + Level 4.4 Fighting
 + Level 3.8 Maces & Flails
 + Level 3.7 Armour
 + Level 4.9 Stealth
 + Level 4.0 Shields


You had 6 spell levels left.
You didn't know any spells.
Your spell library contained the following spells:

 Spells                   Type           Power      Damage    Failure   Level
 Freeze                   Ice            0%         1d3       83%         1
 Magic Dart               Conj           0%         1d3       83%         1
 Necrotize                Necr           0%         1d4       83%         1
 Confusing Touch          Hex            0%         N/A       99%         3
 Frozen Ramparts          Ice            0%         1d2       99%         3
 Vampiric Draining        Necr           0%         2d6       99%         3
 Hailstorm                Conj/Ice       0%         3d3       100%        4
 Agony                    Necr           0%         N/A       100%        5
 Blade Hands              Tmut           0%         N/A       100%        5
 Freezing Cloud           Conj/Ice/Air   0%         6-21      100%        5
 Yara's Violent Unravell  Hex/Tmut       0%         3d3       100%        5
 Iron Shot                Conj/Erth      0%         9d1       100%        6
 Enfeeble                 Hex            0%         N/A       100%        7
 Polar Vortex             Ice            0%         N/A       100%        9
 Animate Armour           Summ/Erth      Unusable   N/A       N/A         4
 Simulacrum               Ice/Necr       Unusable   N/A       N/A         6

Dungeon Overview and Level Annotations

Branches:
Dungeon (5/15)
 Temple: D:4-7

Altars:
Okawaru
Sif Muna
Trog
Yredelemnul


Innate Abilities, Weirdness & Mutations

Your serpentine skin is tough. (AC +2)
You have supernaturally acute eyesight. (SInv)
Armour fits poorly on your strangely shaped body.
Your system is resistant to poisons. (rPois)
You cover ground very slowly.
You can spit poison.
You have a snake-like lower body.


Message History

The killer bee stings you but does no damage.
You feel very mighty all of a sudden.
You have got your breath back.
The killer bee stings you but does no damage.
The adder barely misses you. The phantom barely misses you.
The killer bee stings you but does no damage.
The adder bites you.
* * * LOW HITPOINT WARNING * * *
You hit the killer bee.
You feel better.
The killer bee is moderately wounded.
The killer bee closely misses you. The phantom hits you.
* * * LOW HITPOINT WARNING * * *
The killer bee barely misses you. You block the adder's attack.
The phantom hits you but does no damage.
The killer bee barely misses you.
You closely miss the killer bee.
The killer bee is moderately wounded.
The adder barely misses you. The killer bee closely misses you.
The adder bites you but does no damage. You block the killer bee's attack.
The phantom hits you.
* * * LOW HITPOINT WARNING * * *
You feel better.
You feel like a meek peon again. The killer bee stings you.
* * * LOW HITPOINT WARNING * * *
The adder bites you.
* * * LOW HITPOINT WARNING * * *
You block the killer bee's attack.
The phantom hits you but does no damage.
You fade into invisibility!
The killer bee stings you but does no damage.
The adder barely misses you. The killer bee stings you.
* * * LOW HITPOINT WARNING * * *
The phantom hits you.
* * * LOW HITPOINT WARNING * * *
The killer bee barely misses you.
The killer bee stings you but does no damage.
The killer bee barely misses you. The killer bee barely misses you.
The killer bee stings you!
You die...

... #.#...##.#
#....# #.
#.#...##.####....
..
#....###....#(..
####.# ####.#..
#.# #.#.#
#..#####.#.#
...........#
.......#..####
.....##.@....#
....#.#?y..#.####
..##.#..S..#.....
. #....W....#..
#...........##
#........>..#.
#......###..##
......... .#.#
......... ###[#


You could see a phantom (can't see you), a killer bee (can't see you) and an
adder (can't see you).

Vanquished Creatures
  Grinder (D:4)
  A black bear (D:4)
  A necrophage (D:4)
  A hound (D:5)
  An iguana (D:4)
  A gnoll (D:3)
  An adder (D:2)
  A white imp (D:3)
  An ufetubus (D:4)
  2 dart slugs
  14 orcs
  12 ball pythons
  7 bats
  8 endoplasms
  3 giant cockroaches
  16 goblins
  5 hobgoblins
  7 jackals (D:4)
  3 kobolds
  8 quokkas
  A frilled lizard (D:2)
  5 rats
100 creatures vanquished.

Notes
Turn   | Place    | Note
-------+----------+-------------------------------------------
     0 | D:1      | 27snakeeyes612 the Naga Fighter began the quest for the
                  | Orb.
     0 | D:1      | Reached XP level 1. HP: 21/21 MP: 1/1
    98 | D:1      | Reached XP level 2. HP: 28/28 MP: 2/2
   159 | D:1      | Found a faded altar of an unknown god.
   271 | D:1      | Reached skill level 1 in Stealth
   765 | D:2      | Reached XP level 3. HP: 33/34 MP: 3/3
   979 | D:2      | Found an iron altar of Okawaru.
  1240 | D:2      | Became a worshipper of Warmaster Okawaru
  2007 | D:3      | Reached XP level 4. HP: 42/42 MP: 4/4
  2252 | D:3      | Found a basalt altar of Yredelemnul.
  2586 | D:3      | Found a shimmering blue altar of Sif Muna.
  2745 | D:3      | Got Sif Muna's Almanac of Attacks
  2752 | D:3      | Found a bloodstained altar of Trog.
  2946 | D:4      | Reached XP level 5. HP: 44/49 MP: 5/5
  3340 | D:4      | Identified the ring "Hehithuegi" {Will+ Slay+2 SInv}
  3368 | D:4      | Noticed a black bear
  3374 | D:4      | Killed a black bear
  3375 | D:4      | Reached XP level 6. HP: 42/57 MP: 6/6
  3402 | D:4      | Noticed Grinder
  3409 | D:4      | Killed Grinder
  3409 | D:4      | Reached * piety under Okawaru
  3410 | D:4      | Reached XP level 7. HP: 24/64 MP: 7/7
  4233 | D:5      | Entered Level 5 of the Dungeon
  4299 | D:5      | Slain by a killer bee

Illustrated notes

Levels and vault maps discovered:
D:1:      lemuel_arrival_muddy, layout_basic, serial_glass, glass_columns_a,
          glass_columns_a, glass_columns_a, glass_columns_a,
          ebering_ecumenical_altar_hall
D:2:      layout_basic, basic_altar, chequers_serial_rivers_small_3
D:3:      layout_rooms, nzn_overflow_gifts_of_might_and_magic,
          yredelemnul_altar_generic, kennysheep_minor_cross, st_stairs_1
D:4:      kennysheep_goblin_castle, layout_loops_corners, uniq_grinder
D:5:      layout_basic, minitemple, hellmonk_ghost_happy_afterlife,
          minmay_misc_feat_secret_circle, minmay_manual_mail, uniq_eustachio,
          uniq_sigmund, uniq_duvessa

Skill      XL: |  1  2  3  4  5  6  7 |
---------------+----------------------+-----
Stealth        | 1 2 3 4 |  4.9
Shields        | 3 4 |  4.0
Armour         | 3 |  3.7
Maces & Flails | 3 |  3.8
Fighting       | 4 |  4.4

Action                   |  1- 3 |  4- 6 |  7- 9 || total
-------------------------+-------+-------+-------++-------
Melee: Flail             |    49 |       |       ||    49
       Morningstar       |    48 |   125 |    50 ||   223
Invok: Heroism           |       |       |     1 ||     1
 Abil: Spit Poison       |       |     1 |     1 ||     2
  Use: Scroll            |       |    12 |       ||    12
       Potion            |       |       |     4 ||     4
Armor: Scale mail        |    57 |    68 |    56 ||   181
Dodge: Dodged            |    53 |    65 |    53 ||   171
Block: Buckler           |    33 |    24 |    26 ||    83

Table legend: (Time is in decaauts)
 A = Elapsed time spent in this place.
 B = Non-inter-level travel time spent in this place.
 C = Inter-level travel time spent in this place.
 D = Time resting spent in this place.
 E = Time spent auto-exploring this place.
 F = Levels seen in this place.
 G = Mean time per level.
                   A        B        C        D        E       F      G
               +--------+--------+--------+--------+--------+-----+--------+
         Total |   5510 |   5214 |    296 |    368 |   3962 |   5 | 1102.0 |
       Dungeon |   5510 |   5214 |    296 |    368 |   3962 |   5 | 1102.0 |
               +--------+--------+--------+--------+--------+-----+--------+

Top non-repeatable levels by time:
     D:2: 1753 daAuts
     D:4: 1721 daAuts
     D:3: 1082 daAuts
     D:1: 866 daAuts
     D:5: 86 daAuts
